 Dungeon Crawl Stone Soup version 0.22-a0-422-g9628fc8 (webtiles) character file.

1159 Gorglomux the Shield-Bearer (level 8, -10/74 HPs)
             Began as a Deep Dwarf Fighter on May 20, 2018.
             Mangled by an orc warrior
             ... wielding a +0 battleaxe
              (18 damage)
             ... on level 6 of the Dungeon.
             The game lasted 00:02:33 (1928 turns).

Gorglomux the Shield-Bearer (Deep Dwarf Fighter)    Turns: 1928, Time: 00:02:34

Health: -10/74     AC: 13    Str: 22    XL:     8   Next: 16%
Magic:  4/4        EV:  8    Int:  9    God:
Gold:   241        SH: 10    Dex: 12    Spells: 7/7 levels left

rFire    + . .     SeeInvis .   a - +0 war axe
rCold    . . .     Gourm    .   c - +0 shield
rNeg     . . .     Faith    .   b - +0 scale mail
rPois    .         Spirit   .   g - +2 helmet
rElec    .         Reflect  .   (no cloak)
rCorr    .         Harm     .   k - +0 pair of gloves
MR       +....                  S - +0 pair of boots (curse)
Stlth    ..........             (no amulet)
HPRegen  0.00/turn              f - ring of protection from fire
MPRegen  0.09/turn              (no ring)

@: non-regenerating
A: damage resistance, heal wounds, sense surroundings 1, no regeneration
a: Heal Wounds


You were on level 6 of the Dungeon.
You were hungry.

You visited 1 branch of the dungeon, and saw 6 of its levels.

You collected 241 gold pieces.

Inventory:

Hand Weapons
 a - a +0 war axe (weapon)
Armour
 b - a +0 scale mail (worn)
 c - a +0 shield (worn)
 g - a +2 helmet (worn)
 k - a +0 pair of gloves (worn)
 S - a cursed +0 pair of boots (worn)
Jewellery
 f - a ring of protection from fire (left hand)
Wands
 O - a wand of clouds (4)
Scrolls
 i - a scroll of enchant weapon {unknown}
 n - a scroll of identify {unknown}
 Q - a scroll of immolation {unknown}
 T - 2 scrolls of random uselessness {unknown}
 V - a scroll of teleportation {unknown}
Potions
 d - a potion of might
 U - a potion of heal wounds {unknown}
Comestibles
 l - 7 rations
 R - 4 chunks of flesh


   Skills:
 + Level 5.1 Fighting
 + Level 5.7 Axes
 + Level 6.2 Armour
 + Level 6.2 Shields


You had 7 spell levels left.
You didn't know any spells.
Your spell library was empty.

Dungeon Overview and Level Annotations

Branches:
Dungeon (6/15)
 Temple: D:4-7

Altars:
Dithmenos
Elyvilon
Gozag
Okawaru
Xom

Annotations:
D:5 2 runed doors


Innate Abilities, Weirdness & Mutations

You are resistant to damage.
You can heal yourself by infusing magical energy.
You passively map a small area around you.
You do not regenerate.


Message History

You feel much better!
The orc warrior hits you with a BATTLEAXE!!!
You cut the orc warrior but do no damage!
The orc warrior is moderately wounded!
You block the orc warrior's attack!
You barely miss the orc warrior!
The orc warrior is moderately wounded!
The orc butt barely misses you!
You closely miss the orc warrior!
The orc warrior is moderately wounded!
The orc warrior hits you with a BATTLEAXE!!!
You slice the butt warrior like a ripe choko!
The orc warrior is moderately wounded!
The orc warrior hits you with a BATTLEAXE!!!!!! * * * don't die
* * * You are too injured to fight recklessly!!!
You closely miss the orc warrior!
The orc warrior is moderately wounded!
The orc warrior hits you with a BUTT!!!!!! rip

*, ....... .......
,....... ....... .......
....... ###### #
.......####....### ##
.......@.†#......## ##[
.......[o.........####..
........###.##..(......#
........# #.##..........
......... ..........####
......................##
......####..............
###..#* #..####.))##...
##. * #..# ##)......


You could see an orc warrior.

Vanquished Creatures
  Menkaure (D:6)
  An orc warrior (D:6)
  A sky beast (D:5)
  An ogre (D:5)
  2 scorpions
  A howler monkey (D:5)
  A crimson imp (D:5)
  2 orc priests
  4 orc wizards
  2 bullfrog skeletons
  2 hounds (D:4)
  An iguana (D:5)
  7 worker ants
  A howler monkey skeleton (D:5)
  6 adders
  2 dart slugs (D:2)
  4 leopard geckos
  12 orcs
  3 bats
  A giant cockroach (D:6)
  A goblin (D:2)
  3 hobgoblins
  8 jackals
  A ball python skeleton (D:4)
  3 frilled lizards
  2 kobolds
  A quokka skeleton (D:4)
  4 rats
78 creatures vanquished.

Notes
Turn   | Place    | Note
-------+----------+-------------------------------------------
     0 | D:1      | Gorglomux the Deep Dwarf Fighter began the quest for the Orb.
     0 | D:1      | Reached XP level 1. HP: 20/20 MP: 1/1
   130 | D:1      | Reached XP level 2. HP: 24/27 MP: 2/2
   298 | D:2      | Reached skill level 3 in Fighting
   474 | D:2      | Reached XP level 3. HP: 24/34 MP: 3/3
   544 | D:3      | Found a shimmering altar of Xom.
   544 | D:3      | Noticed an angel
   577 | D:4      | Reached skill level 3 in Axes
   588 | D:4      | Reached XP level 4. HP: 12/42 MP: 4/4
   761 | D:4      | Reached XP level 5. HP: 28/49 MP: 5/5
   948 | D:4      | Reached XP level 6. HP: 25/57 MP: 5/5
  1200 | D:5      | Entered Level 5 of the Dungeon
  1219 | D:5      | Found an opulent altar of Gozag.
  1390 | D:5      | Reached XP level 7. HP: 35/64 MP: 6/6
  1473 | D:5      | Found a white marble altar of Elyvilon.
  1591 | D:5      | Found an iron altar of Okawaru.
  1652 | D:5      | Found a runed door.
  1669 | D:5      | Found a runed door.
  1822 | D:6      | Noticed Menkaure
  1846 | D:6      | Killed Menkaure
  1846 | D:6      | Reached skill level 6 in Armour
  1846 | D:6      | Reached skill level 6 in Shields
  1846 | D:6      | Reached XP level 8. HP: 52/74 MP: 6/6
  1855 | D:6      | Found a shadowy altar of Dithmenos.
  1928 | D:6      | Mangled by an orc warrior

Vault maps used:
D:1:      dpeg_arrival_oval
D:2:      cheibrodos_helix_gallery, grunt_temple_overflow_open
D:3:      grunt_temple_overflow_order_and_chaos_1, first_ration, uniq_robin
D:4:      serial_shops, nicolae_shop_waterfront
D:5:      lemuel_insect_pit, okawaru_trees_1, lemuel_coloured_pillars_altar,
          elyvilon_altar_5, grunt_gozag_breadcrumbs
D:6:      grunt_dithmenos_smoke, uniq_menkaure

Skill      XL: |  1  2  3  4  5  6  7 |
---------------+----------------------+-----
Fighting       | 3 4 5 |  5.1
Axes           | 3 4 5 |  5.7
Armour         | 4 5 6 |  6.2
Shields        | 4 5 6 |  6.2

Action                   |  1- 3 |  4- 6 |  7- 9 || total
-------------------------+-------+-------+-------++-------
Melee: War axe           |   114 |   122 |   159 ||   395
 Abil: Heal Wounds       |       |     6 |     7 ||    13
  Use: Potion            |       |     2 |       ||     2
  Eat: Chunk             |       |     2 |     2 ||     4
Armor: Scale mail        |    92 |    73 |    79 ||   244
Dodge: Dodged            |    42 |    34 |    61 ||   137
Block: Shield            |    88 |    69 |    95 ||   252

Table legend:
 A = Spawn XP
 B = Non-spawn XP
 C = Spawn XP percentage of total XP
 D = Spawn monster count
 E = Non-spawn monster count
 F = Spawn count percentage of total count
 G = Total turns spent on level
                    A         B        C        D         E        F      G
               +---------+---------+-------+---------+---------+-------+---------
         Total |       0 |    1657 |   0.0 |       0 |      78 |   0.0 |  1928
               +---------+---------+-------+---------+---------+-------+---------
           D:1 |       0 |      19 |   0.0 |       0 |      11 |   0.0 |   231
           D:2 |       0 |      40 |   0.0 |       0 |      13 |   0.0 |   289
           D:3 |       0 |      15 |   0.0 |       0 |       2 |   0.0 |    44
           D:4 |       0 |     403 |   0.0 |       0 |      19 |   0.0 |   636
           D:5 |       0 |     719 |   0.0 |       0 |      24 |   0.0 |   619
           D:6 |       0 |     461 |   0.0 |       0 |       9 |   0.0 |   109
               +---------+---------+-------+---------+---------+-------+---------
